 Dungeon Crawl Stone Soup version 0.30-a0-652-gcc886f7154 (webtiles) character file.

Game seed: 12137868863790416534

21 mampy3000 the Trooper (level 2, -7/27 HPs)
             Began as a Minotaur Berserker on Jan 17, 2023.
             Was a Follower of Trog.
             Killed from afar by a shock serpent (glowing shapeshifter) (9 damage)
             ... with an electric aura
             ... on level 2 of the Dungeon.
             The game lasted 00:05:21 (863 turns).

mampy3000 the Trooper (Minotaur Berserker)           Turns: 863, Time: 00:05:22

Health: -7/27      AC:  5    Str: 21    XL:     2   Next: 62%
Magic:  1/1        EV: 11    Int:  4    God:    Trog [*.....]
Gold:   91         SH:  0    Dex:  9    Spells: 1/1 levels left

rFire   + . .      SeeInvis .    j - +1 whip (chaos)
rCold   + . .      Faith    .    (no shield)
rNeg    . . .      Spirit   .    l - +0 ring mail
rPois   .          Reflect  .    (helmet restricted)
rElec   .          Harm     .    e - scarf {rC+ rF+}
rCorr   .          Rampage  .    (no gloves)
Will    .....                    (no boots) Stlth
                                 (no amulet)
HPRegen 0.24/turn                (no ring)
MPRegen 0.07/turn                (no ring)

@: no status effects
A: horns 2, retaliatory headbutt
a: Renounce Religion, Berserk


You were on level 2 of the Dungeon.
You worshipped Trog.
Trog was aware of your devotion.
You visited 1 branch of the dungeon, and saw 2 of its levels.

You collected 91 gold pieces.

Inventory:

Hand Weapons
 j - a +1 whip of chaos (weapon)
Armour
 b - a +0 animal skin
 e - a scarf of resistance (worn)
 l - a +0 ring mail (worn)
Scrolls
 a - a scroll of identify {unknown}
 d - a scroll of noise {unknown}
 f - a scroll of enchant weapon
Potions
 c - a potion of berserk rage {unknown}
 g - a potion of magic {unknown}
 h - 2 potions of curing {unknown}


   Skills:
 + Level 4.1 Fighting
 + Level 4.1 Maces & Flails
 + Level 2.6 Armour
 + Level 2.4 Dodging


You had one spell level left.
You didn't know any spells.
Your spell library was empty.

Dungeon Overview and Level Annotations

Branches:
Dungeon (2/15)

Altars:


Innate Abilities, Weirdness & Mutations

You have a pair of horns on your head.
You reflexively headbutt those who attack you in melee.


Message History

You hit the hobgoblin but do no damage.
The hobgoblin is almost dead.
The hobgoblin hits you.
You barely miss the hobgoblin. Your headbutt misses the hobgoblin.
The hobgoblin is almost dead.
The hobgoblin misses you.
You barely miss the hobgoblin.
The hobgoblin is almost dead.
The hobgoblin hits you but does no damage.
You hit the hobgoblin.
You kill the hobgoblin!
Trog accepts your kill.
No target in view!
No target in view!
a - a scroll labelled AFIOCV BATAJY You see here a giant cockroach corpse.
You see here a hobgoblin corpse.
Found a robe.
You now have 91 gold pieces (gained 9).
d - a scroll labelled NAUTTUHUOH
Found an escape hatch in the floor.
An adder and a bat come into view.
The adder hisses angrily.
The bat hits you but does no damage. The bat misses you.
You hit the bat but do no damage.
The bat changes into a glowing shapeshifter!
The glowing shapeshifter changes into a water nymph!
You miss the water nymph. Your headbutt misses the water nymph.
The water nymph changes into a lindwurm!
You hit the lindwurm but do no damage.
The lindwurm changes into a swamp worm!
You closely miss the swamp worm.
The swamp worm changes into a shock serpent!
You hit the shock serpent but do no damage.
The shock serpent bites you! The shock serpent shocks you!
* * * LOW HITPOINT WARNING * * *
The shock serpent attacks as you move away!
The shock serpent completely misses you.
You furiously retaliate!
You headbutt the shock serpent!
The shock serpent's electric aura discharges, shocking you!
You die...

#.##.##.#.#........#
#.##........##.###.#
#.#####.#<####.# #.#
#####.#####.#......#
#.##
#...........########
#... #.####.######
#### #.# ####.####
#.....@.# #.##.##S#
# #.# S# #.. .# ##>
.# .#.# ...# ....


You could see a shock serpent shaped shifter and an adder.

Vanquished Creatures
  A bat (D:1)
  4 giant cockroaches
  3 goblins (D:1)
  3 hobgoblins (D:2)
  A kobold (D:1)
  2 ball pythons
  A frilled lizard (D:1)
  3 rats
18 creatures vanquished.

Notes
Turn   | Place    | Note
-------+----------+-------------------------------------------
     0 | D:1      | mampy3000 the Minotaur Berserker began the quest for the
                  | Orb.
     0 | D:1      | Reached XP level 1. HP: 19/19 MP: 0/0
   162 | D:1      | Found a faded altar of an unknown god.
   279 | D:1      | Reached XP level 2. HP: 27/27 MP: 1/1
   858 | D:2      | a bat changed into a glowing shapeshifter
   858 | D:2      | Noticed a glowing shapeshifter (glowing shapeshifter)
   858 | D:2      | a glowing shapeshifter changed into a water nymph
   858 | D:2      | Noticed a water nymph (glowing shapeshifter)
   859 | D:2      | a water nymph changed into a lindwurm
   859 | D:2      | Noticed a lindwurm (glowing shapeshifter)
   860 | D:2      | a lindwurm changed into a swamp worm
   860 | D:2      | Noticed a swamp worm (glowing shapeshifter)
   861 | D:2      | a swamp worm changed into a shock serpent
   861 | D:2      | Noticed a shock serpent (glowing shapeshifter)
   863 | D:2      | Killed from afar by a shock serpent (glowing shapeshifter)

Illustrated notes

Levels and vault maps discovered:
D:1:      lemuel_arrival_funnel, layout_rooms, shapermc_ecumenical_altar_venn,
          chequers_serial_rivers_micro_d
D:2:      layout_loops_cross, basic_altar

Skill      XL: |  1  2 |
---------------+-------+-----
Fighting       | 4 |  4.1
Maces & Flails | 4 |  4.1
Armour         | |  2.6
Dodging        | |  2.4

Action                   || total
-------------------------++-------
Melee: Mace              ||    11
       Whip              ||    39
       Headbutt          ||     3
  Use: Scroll            ||     5
Armor: Animal skin       ||     2
       Ring mail         ||    13
Dodge: Dodged            ||    22

Table legend: (Time is in decaauts)
 A = Elapsed time spent in this place.
 B = Non-inter-level travel time spent in this place.
 C = Inter-level travel time spent in this place.
 D = Time resting spent in this place.
 E = Time spent auto-exploring this place.
 F = Levels seen in this place.
 G = Mean time per level.
                   A        B        C        D        E       F      G
               +--------+--------+--------+--------+--------+-----+--------+
         Total |    860 |    824 |     36 |      0 |    621 |   2 |  430.0 |
       Dungeon |    860 |    824 |     36 |      0 |    621 |   2 |  430.0 |
               +--------+--------+--------+--------+--------+-----+--------+

Top non-repeatable levels by time:
     D:1: 690 daAuts
     D:2: 170 daAuts
